 Dungeon Crawl Stone Soup version 0.30-a0-1116-gebefce21f7 (webtiles) character file.

Game seed: 16645309471684227449

3578 BillyBaka the Covered (level 9, -13/79 HPs)
             Began as a Minotaur Fighter on Apr 21, 2023.
             Was an Initiate of Gozag.
             Shot with an arrow by a centaur warrior (17 damage)
             ... on level 8 of the Dungeon on Apr 22, 2023.
             The game lasted 00:40:43 (6475 turns).

BillyBaka the Covered (Minotaur Fighter)            Turns: 6475, Time: 00:40:44

Health: -13/79     AC: 11    Str: 25    XL:     9   Next: 84%
Magic:  8/8        EV: 12    Int:  5    God:    Gozag
Gold:   473        SH:  5    Dex: 10    Spells: 8/8 levels left

rFire   . . .      SeeInvis .    A - +3 flail (holy)
rCold   . . .      Faith    .    c - +0 buckler
rNeg    + . .      Spirit   .    B - +1 leather armour {Will+}
rPois   .          Reflect  .    l - +1 hat
rElec   .          Rampage  .    K - +0 cloak
rCorr   +                        H - +0 pair of gloves
Will    ++...                    C - +1 pair of boots
Stlth   +                        a - amulet of regeneration
HPRegen 1.13/turn                g - ring of resist corrosion
MPRegen 0.11/turn                M - ring "Rumoeck" {rN+ Will+}

@: no status effects
A: horns 2, retaliatory headbutt
a: Renounce Religion, Potion Petition, Call Merchant, Bribe Branch


You were on level 8 of the Dungeon.
You worshipped Gozag.
Gozag was aware of your devotion.
You visited 2 branches of the dungeon, and saw 9 of its levels.
You also visited: Ossuary and Bailey.

You collected 1428 gold pieces.
You spent 617 gold pieces at shops.
You paid 338 gold pieces to Gozag.

Inventory:

Hand Weapons
 A - a +3 flail of holy wrath (weapon)
Missiles
 n - 3 poisoned darts
 o - 12 boomerangs (quivered)
Armour
 c - a +0 buckler (worn)
 l - a +1 hat (worn)
 B - a +1 leather armour of willpower (worn)
 C - a +1 pair of boots (worn)
 H - a +0 pair of gloves (worn)
 K - a +0 cloak (worn)
 L - a +0 plate armour
Jewellery
 a - an amulet of regeneration (around neck)
 g - a ring of resist corrosion (left hand)
 G - a ring of see invisible
 M - the ring "Rumoeck" (right hand) {rN+ Will+}
   (You bought it in a shop on level 4 of the Dungeon)

   [ring of willpower]

   rN:        It protects you from negative energy.
   Will:      It increases your willpower.
Scrolls
 k - 3 scrolls of amnesia
 m - a scroll of fog
 r - a scroll of blinking
 t - a scroll of immolation
 u - 3 scrolls of vulnerability {unknown}
 v - 6 scrolls of teleportation
 w - a scroll of enchant armour
 y - 2 scrolls of enchant weapon
 z - 2 scrolls of noise
 E - a scroll of fear
 F - a scroll of silence {unknown}
 I - a scroll of magic mapping {unknown}
Potions
 b - 2 potions of berserk rage {unknown}
 d - 4 potions of might
 e - 2 potions of brilliance {unknown}
 f - a potion of ambrosia {unknown}
 h - 5 potions of flight
 i - 2 potions of lignification {unknown}
 j - 5 potions of curing
 p - 2 potions of degeneration {unknown}
 q - 2 potions of mutation {unknown}
 s - a potion of heal wounds
 x - a potion of resistance {unknown}
 D - a potion of haste {unknown}
 J - a potion of invisibility {unknown}


   Skills:
 + Level 7.4 Fighting
 - Level 5.7(7.4) Axes
 * Level 7.2(8.2) Maces & Flails
 + Level 5.1 Throwing
 + Level 7.4 Armour
 + Level 5.4 Dodging
 + Level 7.4 Shields


You had 8 spell levels left.
You didn't know any spells.
Your spell library contained the following spells:

 Spells                   Type           Power      Damage    Failure   Level
 Sting                    Tmut/Pois      0%         1d3       58%         1
 Summon Small Mammal      Summ           0%         N/A       58%         1
 Poisonous Vapours        Pois/Air       0%         N/A       75%         2
 Call Canine Familiar     Summ           0%         N/A       92%         3
 Gell's Gravitas          Tloc           0%         N/A       92%         3
 Ignite Poison            Fire/Tmut/Pois 0%         N/A       92%         3
 Portal Projectile        Hex/Tloc       0%         N/A       92%         3
 Summon Guardian Golem    Hex/Summ       0%         N/A       92%         3
 Teleport Other           Tloc           0%         N/A       92%         3
 Tukima's Dance           Hex            0%         N/A       92%         3
 Olgreb's Toxic Radiance  Pois           0%         N/A       100%        4
 Sticky Flame             Conj/Fire      0%         2d3       100%        4
 Alistair's Intoxication  Tmut/Pois      0%         N/A       100%        5
 Blade Hands              Tmut           0%         N/A       100%        5
 Borgnjor's Vile Clutch   Necr/Erth      0%         N/A       100%        5
 Dispersal                Tloc           0%         N/A       100%        6
 Eringya's Noxious Bog    Tmut/Pois      0%         N/A       100%        6
 Orb of Destruction       Conj           0%         9d5       100%        7
 Spellforged Servitor     Conj/Summ      0%         N/A       100%        7
 Ignition                 Fire           0%         3d3       100%        8


Dungeon Overview and Level Annotations

Branches:
Dungeon (8/15)             Temple (1/1) D:4            Lair (0/5) D:8
Ossuary (visited)          Bailey (visited)

Altars:
Ashenzari
Cheibriados
Dithmenos
Elyvilon
Fedhas
Gozag
Makhleb
Nemelex Xobeh
Okawaru
Qazlal
Ru
Sif Muna
Trog
Uskayaw
Vehumet
Wu Jian
Xom
Yredelemnul
Zin
The Shining One

Shops:
D:3 [   D:4 (=[


Innate Abilities, Weirdness & Mutations

You have a pair of horns on your head.
You reflexively headbutt those who attack you in melee.


Message History

The wight attacks as you move away! The wight hits you with a +2 hand axe.
The howler monkey attacks as you move away!
The howler monkey barely misses you.
The howler monkey hoots and howls with incredible vigour!
You hear a shout!
You hear a howl!
You hear a shout! x3
You hear an angry hiss.
Something shouts, "Quit, thou bootless hell-hated cattle!"
The wight attacks as you move away! The wight hits you with a +2 hand axe.
The wight attacks as you move away! The wight closely misses you.
Found 8 gold pieces.
The bullfrog closely misses you. The bullfrog barely misses you.
You furiously retaliate!
You headbutt the bullfrog! The wight attacks as you move away!
The wight hits you with a +0 dagger.
The bullfrog hits you but does no damage.
The centaur shouts!
The bullfrog hits you. The bullfrog attacks as you move away!
You block the bullfrog's attack. The bullfrog attacks as you move away!
The bullfrog closely misses you. You furiously retaliate!
You headbutt the bullfrog!
The centaur wields a +0 shortbow.
The centaur shoots an arrow.
The arrow hits you. The bullfrog barely misses you.
The wight attacks as you move away! You block the wight's attack.
The centaur warrior shouts!
The centaur shoots an arrow.
You block the arrow.
The howler monkey hits the fungus.
The fungus begins to die.
The centaur shoots an arrow.
The arrow barely misses you.
The centaur warrior wields a +0 longbow.
The centaur warrior shoots an arrow.
The arrow hits you!!
* * * LOW HITPOINT WARNING * * *
You see here 8 gold pieces.
Unknown command.
Okay, then.
Unknown command.
Unknown command.
You block the bullfrog's attack.
The centaur warrior shoots an arrow.
The arrow hits you.
* * * LOW HITPOINT WARNING * * *
The centaur warrior shoots an arrow.
The arrow hits you!
You die...
Your body crumbles into a pile of gold.

.P.........
#..............P......
###.....................
...............>.P.....
.# #....P........P..P....
Y. #.......P.o...........
.# #..#.Pc...PP.........
.##.#.....PzhP.P.........
.##.c...@F$zz....P.......
#
.##.#..#####.z..P......##
#.#####.#.##.
###.......### #....cY..#
# ###...### ####.##.##
##.## #.# .# ### #.# .#
#.# ># #.# ..


You could see a centaur warrior, a bullfrog, a centaur, a howler monkey, 4
wights and an orc.

Vanquished Creatures
  A wyvern (D:7)
  Edmund (D:4)
  A water moccasin (D:8)
  2 orc warriors
  A black bear (D:7)
  4 ogres (D:5)
  A sky beast (D:6)
  2 centaurs
  2 phantoms
  6 bullfrogs
  3 scorpions
  3 water moccasin zombies (Ossuary)
  4 killer bees (D:8)
  A howler monkey (D:4)
  A crimson imp (D:6)
  A bullfrog zombie (Ossuary)
  2 centaur zombies (Ossuary)
  A quasit (D:7)
  A jelly (D:6)
  2 hounds (D:5)
  An orc priest (D:7)
  3 gnoll boudas
  A human zombie (Ossuary)
  3 sleepcaps
  6 iguanas
  2 scorpion zombies (Ossuary)
  5 orc wizards
  An ogre zombie (Ossuary)
  A mummy (Ossuary)
  12 gnolls
  5 adders
  5 shadow imps (D:7)
  5 white imps
  4 ufetubi
  4 adder zombies (Ossuary)
  2 worms
  4 dart slugs
  31 orcs
  5 bats
  6 endoplasms
  11 goblins
  9 hobgoblins
  3 jackals (D:1)
  A quokka (D:2)
  7 ball pythons
  4 frilled lizards
  2 gnoll zombies (Ossuary)
  3 goblin zombies
  7 hobgoblin zombies
  11 kobolds
  A kobold skeleton (D:6)
  A kobold zombie (D:6)
  4 orc skeletons (D:6)
  7 orc zombies
  3 rats
220 creatures vanquished.

Vanquished Creatures (others)
  A demonic plant (D:7)
  39 fungi (D:8)
  46 plants (D:8)
86 creatures vanquished.

Grand Total: 306 creatures vanquished

Notes
Turn   | Place    | Note
-------+----------+-------------------------------------------
     0 | D:1      | BillyBaka the Minotaur Fighter began the quest for the Orb.
     0 | D:1      | Reached XP level 1. HP: 19/19 MP: 0/0
    88 | D:1      | Reached XP level 2. HP: 20/27 MP: 1/1
   979 | D:2      | Reached XP level 3. HP: 30/33 MP: 2/2
  1576 | D:3      | Found a white marble altar of Elyvilon.
  1582 | D:3      | Found a hide-covered altar of Uskayaw.
  1583 | D:3      | Found a bloodstained altar of Trog.
  1583 | D:3      | Found a radiant altar of Vehumet.
  1586 | D:3      | Found a shimmering altar of Xom.
  1586 | D:3      | Found a shimmering blue altar of Sif Muna.
  1667 | D:3      | Found Sefiumn's Armour Emporium.
  1699 | D:3      | Reached XP level 4. HP: 39/40 MP: 3/3
  1775 | D:3      | Reached skill level 1 in Throwing
  2041 | D:4      | Found a staircase to the Ecumenical Temple.
  2057 | Temple   | Entered the Ecumenical Temple
  2093 | Temple   | Became a worshipper of Gozag Ym Sagoz the Greedy
  2110 | D:4      | Found Ugum's Armour Shop.
  2194 | D:4      | Reached skill level 1 in Dodging
  2194 | D:4      | Reached XP level 5. HP: 42/47 MP: 4/4
  2231 | D:4      | Found a sand-covered staircase.
  2245 | Ossuary  | Entered an ossuary
  2340 | Ossuary  | Reached XP level 6. HP: 44/53 MP: 5/5
  2412 | Ossuary  | Reached skill level 5 in Axes
  2488 | Ossuary  | Reached skill level 5 in Fighting
  2500 | Ossuary  | Reached skill level 5 in Armour
  2500 | Ossuary  | Reached skill level 5 in Shields
  2500 | Ossuary  | Reached XP level 7. HP: 61/61 MP: 6/6
  2548 | Ossuary  | Noticed a silent spectre
  2625 | D:4      | Found Oheff's Antique Weapon Shop.
  2670 | D:4      | Noticed Edmund
  2679 | D:4      | Killed Edmund
  2766 | D:4      | Bought a +1 leather armour of willpower for 140 gold pieces
  2766 | D:4      | Bought a +1 pair of boots for 115 gold pieces
  2803 | D:4      | Found Durphita's Jewellery Shop.
  2910 | D:4      | Found an iron altar of Okawaru.
  3019 | D:5      | Entered Level 5 of the Dungeon
  3035 | D:5      | Reached skill level 1 in Maces & Flails
  3160 | D:5      | Found a broken altar of Ashenzari.
  3282 | D:5      | Reached XP level 8. HP: 60/70 MP: 7/7
  4120 | D:6      | Found a burning altar of Makhleb.
  4185 | D:6      | Found a sacrificial altar of Ru.
  4375 | D:6      | Found a glowing golden altar of the Shining One.
  4496 | D:6      | Reached skill level 5 in Maces & Flails
  4541 | D:6      | Reached XP level 9. HP: 78/78 MP: 8/8
  5080 | D:7      | Found a flagged portal.
  5105 | Bailey   | Entered a bailey
  5159 | Bailey   | HP: 2/78 [orc warrior/bolt (16)]
  5536 | D:7      | Reached skill level 5 in Dodging
  6000 | D:4      | Bought the ring "Rumoeck" {rN+ Will+} for 362 gold pieces
  6275 | D:8      | Reached skill level 5 in Throwing
  6452 | D:8      | Noticed a centaur warrior
  6460 | D:8      | Found a staircase to the Lair.
  6474 | D:8      | HP: 3/79 [centaur warrior/arrow (3)]
  6475 | D:8      | Shot with an arrow by a centaur warrior

Illustrated notes

Levels and vault maps discovered:
D:1:      minmay_arrival_four_circles, layout_loops_corners,
          corexii_corridor_pit
D:2:      layout_rooms
D:3:      layout_loops_ring, general_overflow_altar, grunt_temple_overflow_open,
          serial_shops, shop, mrwooster_statue_mirror
D:4:      layout_rooms, mainiacjoe_overflow_alcove_4,
          minmay_temple_entry_crystal_x, nicolae_ossuary_entry_monument,
          serial_shops, shop, nicolae_shop_stone, nicolae_shop_dealshenge,
          roderic_roman_lattice, uniq_edmund
D:5:      layout_cave_pods, lemuel_round_altar, amcnicky_mini_pool_medium
D:6:      corexii_shantytown, layout_cave_pools, nicolae_tso_besieged_by_evil,
          mainiacjoe_overflow_catch_the_wave
D:7:      layout_basic, enter_bailey_6, serial_demonic, serial_demonic_f,
          serial_demonic_d, serial_demonic_d, serial_demonic_e, nicolae_sextant,
          minmay_misc_feat_hallway
D:8:      layout_loops_ring, due_lair_maze_entry_diamond, minmay_misc_feat_alley
Temple:   nicolae_temple_ecumenical_triangle

Skill      XL: |  1  2  3  4  5  6  7  8  9 |
---------------+----------------------------+-----
Axes           | 3 4 5 |  5.7
Shields        | 4 5 6 7 |  7.4
Fighting       | 4 5 6 7 |  7.4
Armour         | 4 5 6 7 |  7.4
Throwing       | 1 2 3 4 5 |  5.1
Dodging        | 1 2 3 4 5 |  5.4
Maces & Flails | 2 5 7 |  7.2

Action                     |  1- 3 |  4- 6 |  7- 9 || total
---------------------------+-------+-------+-------++-------
  Melee: War axe           |    64 |    75 |    17 ||   156
         Headbutt          |     7 |    12 |    48 ||    67
         Flail             |       |       |   271 ||   271
  Throw: Dart              |    10 |       |       ||    10
         Boomerang         |    45 |    42 |   146 ||   233
 Invoke: Potion Petition   |       |       |     1 ||     1
    Use: Scroll            |       |       |    12 ||    12
         Potion            |       |       |     4 ||     4
 Armour: Scale mail        |    39 |    40 |     4 ||    83
         Leather armour    |       |       |    78 ||    78
  Dodge: Dodged            |    38 |    23 |   184 ||   245
  Block: Buckler           |    10 |    15 |    92 ||   117

Table legend: (Time is in decaauts)
 A = Elapsed time spent in this place.
 B = Non-inter-level travel time spent in this place.
 C = Inter-level travel time spent in this place.
 D = Time resting spent in this place.
 E = Time spent auto-exploring this place.
 F = Levels seen in this place.
 G = Mean time per level.
                   A        B        C        D        E       F      G
               +--------+--------+--------+--------+--------+-----+--------+
         Total |   6610 |   5939 |    671 |    301 |   3890 |  11 |  600.9 |
       Dungeon |   6115 |   5444 |    671 |    267 |   3739 |   8 |  764.4 |
        Temple |     45 |     45 |      0 |      0 |      0 |   1 |   45.0 |
       Ossuary |    372 |    372 |      0 |     34 |    151 |   1 |  372.0 |
        Bailey |     77 |     77 |      0 |      0 |      0 |   1 |   77.0 |
               +--------+--------+--------+--------+--------+-----+--------+

Top non-repeatable levels by time:
     D:5: 1040 daAuts
     D:7: 1000 daAuts
     D:6: 961 daAuts
     D:1: 937 daAuts
     D:3: 794 daAuts
     D:4: 745 daAuts
     D:2: 487 daAuts
 Ossuary: 372 daAuts
     D:8: 147 daAuts
  Bailey: 77 daAuts
  Temple: 45 daAuts
